 Dungeon Crawl Stone Soup version 0.22-a0-42-g002c468 (webtiles) character file.

1425 tidbits the Grave Robber (level 8, 58/58 HPs)
             Began as a Gnoll Necromancer on Jan 5, 2018.
             Quit the game on level 6 of the Dungeon.
             The game lasted 00:19:20 (1965 turns).

tidbits the Grave Robber (Gnoll Necromancer)        Turns: 1965, Time: 00:19:21

Health: 58/58      AC:  6    Str: 11    XL:     8   Next: 72%
Magic:  17/17      EV: 16    Int: 19    God:
Gold:   22         SH:  0    Dex: 16    Spells: 7/19 levels left

rFire    + . .     SeeInvis .   a - +2 whip (freeze)
rCold    . . .     Gourm    .   (no shield)
rNeg     . . .     Faith    .   B - +2 robe {MR+}
rPois    .         Spirit   .   (no helmet)
rElec    .         Reflect  .   C - +0 cloak
rCorr    .         Harm     .   G - +0 pair of gloves
MR       .....                  (no boots)
Stlth    +++.......             (no amulet)
HPRegen  0.19/turn              t - ring of protection from fire
MPRegen  0.15/turn              (no ring)

@: vulnerable
A: distributed training, fangs 1, strong nose
a: no special abilities


You were on level 6 of the Dungeon.
You were not hungry.

You visited 1 branch of the dungeon, and saw 8 of its levels.
You also visited: Sewer.

You collected 204 gold pieces.
You spent 182 gold pieces at shops.

Inventory:

Hand Weapons
 a - a +2 whip of freezing (weapon)
   (You took it off Pikel on level 4 of the Dungeon)
 e - a +0 mace
 g - a +0 dagger
 h - a -2 short sword
 j - a +0 war axe
 q - a +0 shortbow
 w - a +0 trident
 y - a +0 short sword
Missiles
 d - 33 stones (quivered)
 f - 15 bolts
 n - a throwing net {!f}
 r - 35 arrows
Armour
 k - a +0 robe
 v - a +0 pair of boots
 B - a +2 robe of magic resistance (worn)
   (You took it off Pikel on level 4 of the Dungeon)
 C - a +0 cloak (worn)
 G - a +0 pair of gloves (worn)
Jewellery
 t - a ring of protection from fire (left hand)
   (You found it on level 6 of the Dungeon)
Wands
 p - a wand of paralysis (21)
 A - a wand of enslavement (12)
 H - a wand of digging (11)
Scrolls
 m - a scroll of enchant armour
 u - a scroll of remove curse
 D - a scroll of fog
 F - 2 scrolls of immolation
 I - a scroll of vulnerability
Potions
 i - a potion of heal wounds
 l - 2 potions of flight
 o - 2 potions of curing
 s - 2 potions of degeneration
 x - a potion of resistance
 z - a potion of haste
 E - a potion of cancellation
Books
 b - a book of Necromancy

   Spells                             Type                      Level
   a - Pain                           Necromancy                   1
   b - Animate Skeleton               Necromancy                   1
   c - Vampiric Draining              Necromancy                   3
   d - Regeneration                   Charms/Necromancy            3
   e - Animate Dead                   Necromancy                   4
   f - Borgnjor's Vile Clutch         Necromancy/Earth             5
Comestibles
 c - 4 rations


   Skills:
 + Level 3.4 Fighting
 + Level 3.4 Short Blades
 + Level 3.4 Long Blades
 + Level 3.4 Axes
 + Level 3.4 Maces & Flails
 + Level 3.4 Polearms
 + Level 3.4 Staves
 + Level 3.4 Slings
 + Level 3.4 Bows
 + Level 3.4 Crossbows
 + Level 3.4 Throwing
 + Level 3.4 Armour
 + Level 5.8 Dodging
 + Level 5.5 Stealth
 + Level 3.4 Shields
 + Level 3.4 Unarmed Combat
 + Level 6.1 Spellcasting
 + Level 2.8 Conjurations
 + Level 2.8 Hexes
 + Level 2.8 Charms
 + Level 2.8 Summonings
 + Level 7.7 Necromancy
 + Level 2.8 Translocations
 + Level 2.8 Transmutations
 + Level 2.8 Fire Magic
 + Level 2.8 Ice Magic
 + Level 2.8 Air Magic
 + Level 2.8 Earth Magic
 + Level 2.8 Poison Magic
 + Level 3.8 Invocations
 + Level 3.4 Evocations


You had 7 spell levels left.
You knew the following spells:

 Your Spells              Type           Power        Failure   Level  Hunger
a - Pain                  Necr           ####         1%          1    None
d - Vampiric Draining     Necr           #####.....   1%          3    ##.....
n - Animate Skeleton      Necr           N/A          1%          1    None
r - Regeneration          Chrm/Necr      ####......   3%          3    ##.....
N - Animate Dead          Necr           N/A          4%          4    ####...


Dungeon Overview and Level Annotations

Branches:
Dungeon (8/15)
 Temple: D:4-7         Lair: D:8-11

Altars:
Dithmenos
Okawaru

Shops:
D:6 *   D:7 (

Annotations:
D:3 Natasha; Squigly's ghost, amateur GnWn


Innate Abilities, Weirdness & Mutations

Your experience applies equally to all skills.
You have very sharp teeth.
Your uncanny sense of smell can sniff out nearby items.


Message History

You hit the worker ant. You freeze the worker ant.
The worker ant is moderately wounded.
The worker ant misses you.
You hit the worker ant but do no damage.
The worker ant is moderately wounded.
The worker ant barely misses you.
You closely miss the worker ant.
The worker ant is moderately wounded.
The worker ant bites you but does no damage.
You hit the worker ant but do no damage.
Your bite misses the worker ant.
The worker ant is moderately wounded.
The worker ant bites you but does no damage.
You hit the worker ant. You freeze the worker ant.
The worker ant is moderately wounded.
The worker ant bites you.
You are poisoned.
The worker ant poisons you!
You closely miss the worker ant.
The worker ant is moderately wounded.
You feel sick.
The worker ant waves its antennae.
The worker ant bites you.
You are more poisoned.
The worker ant poisons you!
You barely miss the worker ant.
The worker ant is moderately wounded.
You feel sick. The worker ant closely misses you.
You hit the worker ant but do no damage.
The worker ant is moderately wounded.
The worker ant completely misses you.
You hit the worker ant. You freeze the worker ant.
The worker ant is severely wounded.
You feel sick. The worker ant barely misses you.
You hit the worker ant but do no damage.
The worker ant is severely wounded.
The worker ant closely misses you.
You closely miss the worker ant.
The worker ant is severely wounded.
You feel sick. The worker ant misses you. The worker ant barely misses you.
You hit the worker ant. You freeze the worker ant.
You kill the worker ant!
You feel sick.
Casting: Regeneration
Confirm with . or Enter, or press ? or * to list all spells.
Your skin crawls.
You feel sick.
You feel sick.
An adder comes into view.
You feel sick.
The adder hisses angrily.
You feel sick. The adder barely misses you.
Unknown command.
You hit the adder. You freeze the adder. You bite the adder, but do no damage.
The adder is almost dead.
The adder bites you but does no damage.
You barely miss the adder.
The adder is almost dead.
The adder bites you.
You hit the adder.
The adder seems to slow down.
You freeze the adder.
You kill the adder!
You see here an adder corpse.
Casting: Regeneration
Confirm with . or Enter, or press ? or * to list all spells.
You attempt to give life to the dead...
Before your eyes, flesh is ripped from the corpse!
The dead are slithering!
You feel sick.
You see here 2 chunks of flesh.
Unknown command.
An adder comes into view.
Your skin is crawling a little less now.
Found Doiducun's Assorted Antiques.
You feel sick.
The helpless adder fails to defend itself.
You whack the adder!
The adder seems to slow down.
You freeze the adder.
The adder is almost dead.
You feel sick.
You are no longer poisoned.
The adder misses you.
You hit the adder. You freeze the adder.
You kill the adder!
Your skin stops crawling.
There is an entrance to Doiducun's Assorted Antiques here.
F - 2 scrolls labeled LIEHIN FIOT (gained 1)
H - a wand of digging (11) Thank you for shopping at Doiducun's Assorted Antiques!
You can access your shopping list by pressing '$'.
I - a scroll of identify Thank you for shopping at Doiducun's Assorted Antiques!
You can access your shopping list by pressing '$'.
As you read the scroll of identify, it crumbles to dust.
F - 2 scrolls of immolation HP restored.
There is an entrance to Doiducun's Assorted Antiques here.
Found 2 scrolls labeled XUPARGH EMPEB.
You see here 2 scrolls labeled XUPARGH EMPEB.
I - 2 scrolls labeled XUPARGH EMPEB
As you read the scroll labeled XUPARGH EMPEB, it crumbles to dust.
Magic quickly surges around you.
It was a scroll of vulnerability.
Are you sure you want to abandon this character and quit the game? (Confirm with "yes".)

.#.#.#...........#....###
..#
.#.#.............#....#
..#
##.####)##########....#
#.#
##...............#....#
#..
........########.#....#
#.. .######## #.#....# ..
.# #.#....#########.# .#
########
#.#............... ##
#......#
#@###....#######..
#......# #Z#
#....########.
####......# #.#
#.....(.......
..........# #.#
#.............
..........# #.#
####.........#
.....###########.#
#.........# .....#
#........# #.........#
....## #........#
#.........# ....#
#........# #.........#


You could see a friendly adder skeleton.

Vanquished Creatures
  Pikel (D:4)
  A hungry ghost (D:8)
  An ice beast (D:4)
  An ogre (D:7)
  A centaur (D:6)
  A big kobold (Sewer)
  A scorpion (D:4)
  A howler monkey (D:7)
  A bullfrog zombie (D:6)
  A jelly (D:6)
  A quasit (D:7)
  A hound (D:5)
  An orc wizard (D:5)
  A centaur skeleton (D:6)
  An orc priest (D:4)
  An iguana (D:4)
  2 worker ants
  A gnoll (D:1)
  4 river rats
  5 adders
  4 leopard geckos (D:4)
  4 orcs
  A bat (D:2)
  3 giant cockroaches
  6 hobgoblins
  A jackal (Sewer)
  4 kobolds
  3 frilled lizards
  4 goblins
  A leopard gecko skeleton (D:4)
  6 rats
65 creatures vanquished.

Vanquished Creatures (collateral kills)
  A worker ant (D:7)
  A hound skeleton (D:5)
  A worker ant zombie (D:7)
  A leopard gecko (D:4)
4 creatures vanquished.

Vanquished Creatures (others)
  An ogre (D:4)
1 creature vanquished.

Grand Total: 70 creatures vanquished

Notes
Turn   | Place    | Note
-------+----------+-------------------------------------------
     0 | D:1      | tidbits the Gnoll Necromancer began the quest for the Orb.
     0 | D:1      | Reached XP level 1. HP: 13/13 MP: 6/6
    82 | D:1      | Reached XP level 2. HP: 9/20 MP: 0/7
   171 | D:2      | Reached skill level 5 in Spellcasting
   171 | D:2      | Reached XP level 3. HP: 4/25 MP: 0/9
   203 | D:2      | HP: 1/25 [hobgoblin/club (2)]
   266 | D:1      | Learned a level 1 spell: Animate Skeleton
   270 | D:1      | Learned a level 3 spell: Vampiric Draining
   274 | D:1      | Learned a level 3 spell: Regeneration
   404 | D:3      | Reached skill level 1 in Invocations
   436 | D:3      | Noticed Natasha
   451 | D:4      | Found a shadowy altar of Dithmenos.
   477 | D:5      | Entered Level 5 of the Dungeon
   484 | D:4      | Reached skill level 1 in Fighting
   484 | D:4      | Reached skill level 1 in Short Blades
   484 | D:4      | Reached skill level 1 in Long Blades
   484 | D:4      | Reached skill level 1 in Axes
   484 | D:4      | Reached skill level 1 in Maces & Flails
   484 | D:4      | Reached skill level 1 in Polearms
   484 | D:4      | Reached skill level 1 in Staves
   484 | D:4      | Reached skill level 1 in Slings
   484 | D:4      | Reached skill level 1 in Bows
   484 | D:4      | Reached skill level 1 in Crossbows
   484 | D:4      | Reached skill level 1 in Throwing
   484 | D:4      | Reached skill level 1 in Armour
   484 | D:4      | Reached skill level 1 in Shields
   484 | D:4      | Reached skill level 1 in Unarmed Combat
   484 | D:4      | Reached skill level 1 in Evocations
   484 | D:4      | Reached XP level 4. HP: 23/32 MP: 3/11
   567 | D:5      | Reached skill level 1 in Conjurations
   567 | D:5      | Reached skill level 1 in Hexes
   567 | D:5      | Reached skill level 1 in Charms
   567 | D:5      | Reached skill level 1 in Summonings
   567 | D:5      | Reached skill level 1 in Translocations
   567 | D:5      | Reached skill level 1 in Transmutations
   567 | D:5      | Reached skill level 1 in Fire Magic
   567 | D:5      | Reached skill level 1 in Ice Magic
   567 | D:5      | Reached skill level 1 in Air Magic
   567 | D:5      | Reached skill level 1 in Earth Magic
   567 | D:5      | Reached skill level 1 in Poison Magic
   601 | D:5      | HP: 1/32 [orc wizard/puff of flame (5)]
   637 | D:4      | Reached XP level 5. HP: 19/37 MP: 1/12
   650 | D:3      | Noticed Squigly's ghost (amateur GnWn)
   654 | D:3      | Found an iron altar of Okawaru.
   836 | D:4      | Found a glowing drain.
   840 | Sewer    | Entered a sewer
   853 | Sewer    | Reached XP level 6. HP: 28/44 MP: 4/13
   872 | Sewer    | Learned a level 4 spell: Animate Dead
   909 | Sewer    | Reached skill level 2 in Invocations
   931 | Sewer    | Found a white marble altar of Elyvilon.
  1023 | D:4      | Noticed an ice beast
  1028 | D:4      | Killed an ice beast
  1028 | D:4      | Reached skill level 2 in Fighting
  1028 | D:4      | Reached skill level 2 in Short Blades
  1028 | D:4      | Reached skill level 2 in Long Blades
  1028 | D:4      | Reached skill level 2 in Axes
  1028 | D:4      | Reached skill level 2 in Maces & Flails
  1028 | D:4      | Reached skill level 2 in Polearms
  1028 | D:4      | Reached skill level 2 in Staves
  1028 | D:4      | Reached skill level 2 in Slings
  1028 | D:4      | Reached skill level 2 in Bows
  1028 | D:4      | Reached skill level 2 in Crossbows
  1028 | D:4      | Reached skill level 2 in Throwing
  1028 | D:4      | Reached skill level 2 in Armour
  1028 | D:4      | Reached skill level 5 in Dodging
  1028 | D:4      | Reached skill level 2 in Shields
  1028 | D:4      | Reached skill level 2 in Unarmed Combat
  1028 | D:4      | Reached skill level 2 in Evocations
  1029 | D:4      | Noticed Pikel
  1029 | D:4      | Noticed a slave
  1029 | D:4      | Noticed a slave
  1032 | D:4      | Noticed a slave
  1032 | D:4      | Noticed a slave
  1056 | D:4      | Killed Pikel
  1056 | D:4      | Reached skill level 5 in Stealth
  1056 | D:4      | Reached skill level 2 in Conjurations
  1056 | D:4      | Reached skill level 2 in Hexes
  1056 | D:4      | Reached skill level 2 in Charms
  1056 | D:4      | Reached skill level 2 in Summonings
  1056 | D:4      | Reached skill level 2 in Translocations
  1056 | D:4      | Reached skill level 2 in Transmutations
  1056 | D:4      | Reached skill level 2 in Fire Magic
  1056 | D:4      | Reached skill level 2 in Ice Magic
  1056 | D:4      | Reached skill level 2 in Air Magic
  1056 | D:4      | Reached skill level 2 in Earth Magic
  1056 | D:4      | Reached skill level 2 in Poison Magic
  1056 | D:4      | Reached skill level 3 in Invocations
  1056 | D:4      | Reached XP level 7. HP: 13/51 MP: 0/15
  1153 | D:5      | Reached XP level 8. HP: 27/57 MP: 2/16
  1351 | D:5      | Reached skill level 3 in Fighting
  1351 | D:5      | Reached skill level 3 in Short Blades
  1351 | D:5      | Reached skill level 3 in Long Blades
  1351 | D:5      | Reached skill level 3 in Axes
  1351 | D:5      | Reached skill level 3 in Maces & Flails
  1351 | D:5      | Reached skill level 3 in Polearms
  1351 | D:5      | Reached skill level 3 in Staves
  1351 | D:5      | Reached skill level 3 in Slings
  1351 | D:5      | Reached skill level 3 in Bows
  1351 | D:5      | Reached skill level 3 in Crossbows
  1351 | D:5      | Reached skill level 3 in Throwing
  1351 | D:5      | Reached skill level 3 in Armour
  1351 | D:5      | Reached skill level 3 in Shields
  1351 | D:5      | Reached skill level 3 in Unarmed Combat
  1351 | D:5      | Reached skill level 3 in Evocations
  1615 | D:7      | Reached skill level 6 in Spellcasting
  1655 | D:7      | Found Sanutuak's Weapon Boutique.
  1905 | D:6      | Found Doiducun's Assorted Antiques.
  1915 | D:6      | Bought a scroll labeled LIEHIN FIOT for 26 gold pieces
  1915 | D:6      | Bought a copper wand for 104 gold pieces
  1915 | D:6      | Bought a scroll of identify for 52 gold pieces
  1965 | D:6      | Quit the game

Vault maps used:
D:1:      roderic_chinese_lattice_arrival
D:2:      minmay_tromino_v2
D:3:      nicolae_overflow_hidden_temple, uniq_terence, uniq_natasha,
          uniq_sigmund
D:4:      first_ration, gup_sewer_entry_spiral, grunt_dithmenos_smoke,
          uniq_pikel
D:5:      minmay_temple_entry_poolview
D:6:      serial_shops, nicolae_shop_stone
D:7:      serial_shops, nicolae_shop_stone
D:8:      due_lair_maze_entry_diamond
Sewer:    sewer_kobolds

Skill      XL: |  1  2  3  4  5  6  7  8 |
---------------+-------------------------+-----
Spellcasting   | 5 6 |  6.1
Invocations    | 1 3 |  3.8
Fighting       | 1 2 3 |  3.4
Short Blades   | 1 2 3 |  3.4
Long Blades    | 1 2 3 |  3.4
Axes           | 1 2 3 |  3.4
Maces & Flails | 1 2 3 |  3.4
Polearms       | 1 2 3 |  3.4
Staves         | 1 2 3 |  3.4
Slings         | 1 2 3 |  3.4
Bows           | 1 2 3 |  3.4
Crossbows      | 1 2 3 |  3.4
Throwing       | 1 2 3 |  3.4
Armour         | 1 2 3 |  3.4
Shields        | 1 2 3 |  3.4
Unarmed Combat | 1 2 3 |  3.4
Evocations     | 1 2 3 |  3.4
Conjurations   | 1 2 |  2.8
Hexes          | 1 2 |  2.8
Charms         | 1 2 |  2.8
Summonings     | 1 2 |  2.8
Translocations | 1 2 |  2.8
Transmutations | 1 2 |  2.8
Fire Magic     | 1 2 |  2.8
Ice Magic      | 1 2 |  2.8
Air Magic      | 1 2 |  2.8
Earth Magic    | 1 2 |  2.8
Poison Magic   | 1 2 |  2.8
Dodging        | 5 |  5.8
Stealth        | 5 |  5.5
Necromancy     | |  7.7

Action                   |  1- 3 |  4- 6 |  7- 9 || total
-------------------------+-------+-------+-------++-------
Melee: Dagger            |     7 |    14 |    10 ||    31
       Bite              |     1 |     1 |     7 ||     9
       Whip              |       |       |    83 ||    83
       Punch             |       |       |     1 ||     1
Throw: Throwing net      |       |     1 |       ||     1
 Cast: Pain              |    38 |    50 |    27 ||   115
       Vampiric Draining |     1 |     7 |     5 ||    13
       Regeneration      |     1 |     2 |     2 ||     5
       Animate Skeleton  |     1 |       |     4 ||     5
  Use: Scroll            |       |     5 |     9 ||    14
       Potion            |       |     5 |       ||     5
 Stab: Sleeping          |     2 |     3 |     3 ||     8
  Eat: Chunk             |       |       |     1 ||     1
       Ration            |       |       |     3 ||     3
Armor: Robe              |     4 |    13 |    42 ||    59
Dodge: Dodged            |    17 |    41 |   101 ||   159

Table legend:
 A = Spawn XP
 B = Non-spawn XP
 C = Spawn XP percentage of total XP
 D = Spawn monster count
 E = Non-spawn monster count
 F = Spawn count percentage of total count
 G = Total turns spent on level
                    A         B        C        D         E        F      G
               +---------+---------+-------+---------+---------+-------+---------
         Total |       0 |    2036 |   0.0 |       0 |      69 |   0.0 |  1965
               +---------+---------+-------+---------+---------+-------+---------
           D:1 |       0 |      31 |   0.0 |       0 |      12 |   0.0 |   228
           D:2 |       0 |      23 |   0.0 |       0 |       6 |   0.0 |   121
           D:3 |       0 |       6 |   0.0 |       0 |       4 |   0.0 |   100
           D:4 |       0 |     946 |   0.0 |       0 |      16 |   0.0 |   518
           D:5 |       0 |     131 |   0.0 |       0 |       5 |   0.0 |   242
           D:6 |       0 |     307 |   0.0 |       0 |       8 |   0.0 |   365
           D:7 |       0 |     280 |   0.0 |       0 |       8 |   0.0 |   226
           D:8 |       0 |     177 |   0.0 |       0 |       1 |   0.0 |    39
         Sewer |       0 |     135 |   0.0 |       0 |       9 |   0.0 |   126
               +---------+---------+-------+---------+---------+-------+---------

Table legend:
 A = Turns spent in this place as a percentage of turns spent in the entire game.
 B = Non-inter-level travel turns spent in this place as a percentage of non-inter-level travel turns spent in the entire game.
 C = Inter-level travel turns spent in this place as a percentage of turns spent in this place.
 D = Turns resting spent in this place as a percentage of non-inter-level travel turns spent in this place.
 E = Turns spent auto-exploring this place as a percentage of non-inter-level travel turns spent in this place.
 F = Non-inter-level travel turns spent in this place divided by the number of levels of this place that you've seen.
                   A       B       C       D       E      F
               +-------+-------+-------+-------+-------+----------------------
         Total | 100.0 | 100.0 |   2.2 |   0.2 |   0.0 | 213.4
       Dungeon |  93.6 |  93.4 |   2.4 |   0.2 |   0.0 | 224.4
         Sewer |   6.4 |   6.6 |   0.0 |   0.0 |   0.0 | 126.0
               +-------+-------+-------+-------+-------+----------------------

Table legend:
 A = Kills in this place as a percentage of kills in entire the game.
 B = Kills by you in this place as a percentage of kills by you in the entire game.
 C = Kills by friends in this place as a percentage of kills by friends in the entire game.
 D = Other kills in this place as a percentage of other kills in the entire game.
 E = Experience gained in this place as a percentage of experience gained in the entire game.
 F = Experience gained in this place divided by the number of levels of this place that you have seen.
                   A       B       C       D       E      F
               +-------+-------+-------+-------+-------+----------------------
         Total | 100.0 | 100.0 | 100.0 |   N/A | 100.0 | 226.2
       Dungeon |  87.0 |  86.2 | 100.0 |   N/A |  93.4 | 237.6
         Sewer |  13.0 |  13.8 |   0.0 |   N/A |   6.6 | 135.0
               +-------+-------+-------+-------+-------+----------------------

Vault maps used:
D:1:      roderic_chinese_lattice_arrival
D:2:      minmay_tromino_v2
D:3:      nicolae_overflow_hidden_temple, uniq_terence, uniq_natasha,
          uniq_sigmund
D:4:      first_ration, gup_sewer_entry_spiral, grunt_dithmenos_smoke,
          uniq_pikel
D:5:      minmay_temple_entry_poolview
D:6:      serial_shops, nicolae_shop_stone
D:7:      serial_shops, nicolae_shop_stone
D:8:      due_lair_maze_entry_diamond
Sewer:    sewer_kobolds
